 Dungeon Crawl Stone Soup version 0.27-a0-1202-ge72e49191c (webtiles) character file.

Game seed: 12788392619286780860

35 snetch the Shield-Bearer (level 3, 0/30 HPs)
             Began as a Formicid Fighter on June 2, 2021.
             Slain by a phantom (6 damage)
             ... on level 2 of the Dungeon.
             The game lasted 00:04:38 (1170 turns).

snetch the Shield-Bearer (Formicid Fighter)         Turns: 1170, Time: 00:04:39

Health: 0/30       AC:  9    Str: 21    XL:     3   Next: 55%
Magic:  3/3        EV:  6    Int:  7    God:
Gold:   70         SH:  9    Dex: 10    Spells: 2/2 levels left

rFire    . . .     SeeInvis +   a - +0 war axe
rCold    . . .     Faith    .   c - +0 kite shield
rNeg     . . .     Spirit   .   f - +0 chain mail
rPois    .         Reflect  .   (helmet unavailable)
rElec    .         Harm     .   (no cloak)
rCorr    .         Rampage  .   (no gloves)
Will     .....                  (no boots)
Stlth    ..........             (no amulet)
HPRegen  0.10/turn              (no ring)
MPRegen  0.08/turn              (no ring)

@: no status effects
A: permanent stasis, dig shafts and tunnels, antennae 3, four strong arms
a: Dig, Shaft Self


You were on level 2 of the Dungeon.
You visited 1 branch of the dungeon, and saw 3 of its levels.

You collected 70 gold pieces.

Inventory:

Hand Weapons
 a - a +0 war axe (weapon)
 j - a +0 morningstar
Missiles
 h - 5 poisoned darts
 k - 63 stones
 l - 18 arrows
Armour
 b - a +0 scale mail
 c - a +0 kite shield (worn)
 e - a +0 plate armour
 f - a +0 chain mail (worn)
Scrolls
 i - a scroll of teleportation {unknown}
Potions
 d - a potion of might
 g - a potion of attraction {unknown}


   Skills:
 + Level 3.6 Fighting
 + Level 2.5 Axes
 + Level 3.6 Armour
 + Level 0.7 Dodging
 + Level 3.9 Shields


You had 2 spell levels left.
You didn't know any spells.
Your spell library was empty.

Dungeon Overview and Level Annotations

Branches:
Dungeon (3/15)

Altars:


Innate Abilities, Weirdness & Mutations

You cannot be hasted, slowed, berserked, paralysed or teleported.
You can dig through walls and to a lower floor.
You have a pair of large antennae on your head. (SInv)
Your four strong arms can wield two-handed weapons with a shield.


Message History

You extend your mandibles.
You dig through the rock wall.
You dig through the rock wall.
You retract your mandibles.
You barely miss the phantom.
The phantom hits you but does no damage.
You hit the phantom but do no damage. You block the phantom's attack.
The phantom hits you but does no damage.
Your shield and chain mail prevent you from hitting the phantom.
The phantom hits you.
You barely miss the phantom.
The phantom hits you but does no damage. x2
An endoplasm comes into view.
You hit the phantom but do no damage.
The phantom hits you but does no damage. x2
You miss the phantom. The phantom hits you.
You extend your mandibles.
You dig through the rock wall.
You retract your mandibles.
You closely miss the phantom. The phantom hits you. x2
You hit the phantom.
The phantom is lightly damaged.
The phantom hits you. You block the phantom's attack.
You miss the phantom.
The phantom is lightly damaged.
The phantom hits you.
You closely miss the phantom.
The phantom is lightly damaged.
You block the phantom's attack.
The phantom hits you but does no damage.
You closely miss the phantom.
The phantom is lightly damaged.
The phantom barely misses you.
You closely miss the phantom.
The phantom is lightly damaged.
The phantom hits you.
* * * LOW HITPOINT WARNING * * *
The phantom hits you but does no damage.
Your shield and chain mail prevent you from hitting the phantom.
The phantom is lightly damaged.
The phantom hits you.
You die...

#.# #...# #.# #.♣.# #.# #. .# #.#
## ## #.# #+###### ####.#######
###...##...## ............
####...♣ ♣.<#
#.##.#########.##W#.#...##...##
...#...........#@#{.##.########
#..##.......# ####.# .# #.###
#..##.......# #.# . #....
#..##.......#### #.# .#########
#..............# #.# #......#.
#.###.......##.# #.## #######.#.
#.#.+..........####..###.........
#.#.#.................#.###.....#
#.#.#.......########..#.# #....†.


You could see a phantom.

Vanquished Creatures
  An adder (D:2)
  4 endoplasms (D:1)
  A giant cockroach (D:1)
  3 goblins (D:1)
  2 hobgoblins (D:1)
  2 jackals (D:1)
  A kobold (D:1)
  4 ball pythons (D:1)
  2 bats (D:1)
  2 frilled lizards (D:1)
  3 rats (D:1)
25 creatures vanquished.

Notes
Turn   | Place    | Note
-------+----------+-------------------------------------------
     0 | D:1      | snetch the Formicid Fighter began the quest for the Orb.
     0 | D:1      | Reached XP level 1. HP: 18/18 MP: 1/1
   133 | D:1      | Reached XP level 2. HP: 23/24 MP: 2/2
   447 | D:1      | Reached XP level 3. HP: 25/29 MP: 3/3
  1153 | D:2      | Noticed a phantom
  1170 | D:2      | Slain by a phantom

Illustrated notes

Levels and vault maps discovered:
D:1:      giann_wishing_wells, layout_basic
D:2:      layout_basic, basic_altar, grunt_ministairs_5
D:3:      layout_loops_ring, fedhas_altar_2, uniq_jessica

Action                   || total
-------------------------++-------
Melee: War axe           ||    80
 Abil: Dig               ||     2
Armor: Scale mail        ||    33
       Chain mail        ||    14
Dodge: Dodged            ||    22
Block: Kite shield       ||    42

Table legend: (Time is in decaauts)
 A = Elapsed time spent in this place.
 B = Non-inter-level travel time spent in this place.
 C = Inter-level travel time spent in this place.
 D = Time resting spent in this place.
 E = Time spent auto-exploring this place.
 F = Levels seen in this place.
 G = Mean time per level.
                   A        B        C        D        E       F      G
               +--------+--------+--------+--------+--------+-----+--------+
         Total |   1218 |   1188 |     30 |    123 |    659 |   3 |  406.0 |
       Dungeon |   1218 |   1188 |     30 |    123 |    659 |   3 |  406.0 |
               +--------+--------+--------+--------+--------+-----+--------+

Top non-repeatable levels by time:
     D:1: 865 daAuts
     D:2: 348 daAuts
     D:3: 4 daAuts
